 Dungeon Crawl Stone Soup version 0.30-a0-368-g86fb4627a9 (webtiles) character file.

Game seed: 12604187367800408742

4 retardedninja the Trooper (level 1, 18/18 HPs)
             Began as a Merfolk Fighter on Nov 18, 2022.
             Quit the game on level 1 of the Dungeon.
             The game lasted 00:00:23 (43 turns).

retardedninja the Trooper (Merfolk Fighter)           Turns: 43, Time: 00:00:24

Health: 18/18      AC:  6    Str: 16    XL:     1   Next: 70%
Magic:  1/1        EV:  8    Int:  7    God:
Gold:   12         SH:  4    Dex: 13    Spells: 0/0 levels left

rFire   . . .      SeeInvis .    a - +0 war axe
rCold   . . .      Faith    .    c - +0 buckler
rNeg    . . .      Spirit   .    b - +0 scale mail
rPois   .          Reflect  .    (no helmet)
rElec   .          Harm     .    (no cloak)
rCorr   .          Rampage  .    (no gloves)
Will    .....                    (no boots)
Stlth   ..........               (no amulet)
HPRegen 0.23/turn                (no ring)
MPRegen 0.07/turn                (no ring)

@: no status effects
A: (nimble swimmer 2), mertail
a: no special abilities


You were on level 1 of the Dungeon.
You visited 1 branch of the dungeon, and saw 1 of its levels.

You collected 12 gold pieces.

Inventory:

Hand Weapons
 a - a +0 war axe (weapon)
Armour
 b - a +0 scale mail (worn)
 c - a +0 buckler (worn)
Scrolls
 e - a scroll of teleportation {unknown}
Potions
 d - a potion of might


   Skills:
 + Level 3.3 Fighting
 + Level 1.6 Axes
 + Level 2.2 Armour
 + Level 3.0 Shields


You couldn't memorise any spells.
You didn't know any spells.
Your spell library was empty.

Dungeon Overview and Level Annotations

Branches:
Dungeon (1/15)

Altars:


Innate Abilities, Weirdness & Mutations

((You are very nimble when in or above water. (Stealth+, EV+, Speed+++)))
Your lower body shifts to a powerful aquatic tail in water.


Message History

You closely miss the goblin. You block the goblin's attack.
The goblin hits you but does no damage.
You barely miss the goblin. The goblin closely misses you.
You closely miss the goblin. The goblin hits you but does no damage.
The goblin hits you with a +0 dagger.
You barely miss the goblin. The goblin hits you with a +0 dagger.
You slash the goblin!
You kill the goblin!
You block the bat's attack.
You closely miss the bat. You block the bat's attack.
A bat is nearby!
Found 12 gold pieces.
The bat hits you but does no damage.
Things that are here:
a +0 dagger; a goblin corpse; a giant cockroach corpse A bat is nearby!
A bat is nearby!
You hit the bat but do no damage. The bat barely misses you. x2
The bat hits you but does no damage.
A bat is nearby!
You miss the bat. You block the bat's attack.
A bat is nearby!
You hit the bat.
The bat is severely wounded.
You block the bat's attack. The bat barely misses you.
A bat is nearby!
Unknown command.
You hit the bat.
You kill the bat!
No target in view!
e - a scroll labelled USHRIM VOMMAO You now have 12 gold pieces.
A goblin and a bat come into view.
The goblin shouts!
There are monsters nearby!
There are monsters nearby!
There are monsters nearby!
Saving game... please wait.
Welcome back, retardedninja the Merfolk Fighter.
Press ? for a list of commands and other information.
Are you sure you want to abandon this character and quit the game? (Confirm with "yes".)

#......... ..
#.....g... ..#.
......$..###.....♣.♣
.................#
................##
#...............#
#......#.##.....#
.###..@...#.##.....#
...b.......#........#
..###...............#
#...............#
#...............#
#...............#
.................#
....#####...#)#####
.... #...#..#####


You could see a goblin and a bat.

Vanquished Creatures
  An endoplasm (D:1)
  A giant cockroach (D:1)
  A goblin (D:1)
  A bat (D:1)
4 creatures vanquished.

Notes
Turn   | Place    | Note
-------+----------+-------------------------------------------
     0 | D:1      | retardedninja the Merfolk Fighter began the quest for the
                  | Orb.
     0 | D:1      | Reached XP level 1. HP: 18/18 MP: 1/1
    43 | D:1      | Quit the game

Illustrated notes

Levels and vault maps discovered:
D:1:      dpeg_arrival_pond, layout_basic, serial_forest,
          infiniplex_forest_lined_2, infiniplex_forest_clump_long,
          infiniplex_forest_straight_2, infiniplex_forest_join,
          infiniplex_forest_straight_3

Action                   || total
-------------------------++-------
Melee: War axe           ||    14
Armor: Scale mail        ||     6
Dodge: Dodged            ||     5
Block: Buckler           ||     5

Table legend: (Time is in decaauts)
 A = Elapsed time spent in this place.
 B = Non-inter-level travel time spent in this place.
 C = Inter-level travel time spent in this place.
 D = Time resting spent in this place.
 E = Time spent auto-exploring this place.
 F = Levels seen in this place.
 G = Mean time per level.
                   A        B        C        D        E       F      G
               +--------+--------+--------+--------+--------+-----+--------+
         Total |     49 |     49 |      0 |      0 |     21 |   1 |   49.0 |
       Dungeon |     49 |     49 |      0 |      0 |     21 |   1 |   49.0 |
               +--------+--------+--------+--------+--------+-----+--------+

Top non-repeatable levels by time:
     D:1: 49 daAuts
